Map: Prion Terraces

Players

desRow

  • Race: Protoss Protoss
  • League: Grandmaster

A.I. 2 (Very Easy) - Winner!

  • Race: Terran Terran

VOD

Have the link to the VOD?

Description

Time

  • Played on: Jan. 10, 2016, 5:15 p.m.
  • Length: 9:35
Show
View Real Time Build Order
Export as new Build Order

desRow Protoss 

Build Orders: 1 Gate Expand, Blink Stalkers 

Get SALT Encoding   

  12  0:01  Probe (Chrono Boost)  
  13  0:12  Probe (Chrono Boost)  
  14  0:19  Pylon  
  14  0:22  Probe (Chrono Boost)  
  15  0:37  Probe (Chrono Boost)  
  15  0:39  Gateway  
  15  0:41  Assimilator  
  16  0:48  Probe (Chrono Boost)  
  17  0:59  Probe (Chrono Boost)  
  18  1:09  Probe (Chrono Boost)  
  19  1:18  Nexus  
  20  1:29  Cybernetics Core  
  19  1:34  Probe (Chrono Boost)  
  19  1:39  Assimilator  
  20  1:45  Pylon  
  21  1:47  Probe (Chrono Boost)  
  21  1:57  Probe (Chrono Boost)  
  24  2:08  Mothership Core (Chrono Boost)  
  24  2:09  Warp Gate  
  24  2:17  Stalker  
  26  2:27  Probe (Chrono Boost)  
  27  2:30  Probe (Chrono Boost)  
  28  2:37  Probe (Chrono Boost)  
  28  2:39  Robotics Facility  
  28  2:42  Probe (Chrono Boost)  
  30  2:48  Probe (Chrono Boost)  
  31  2:52  Probe (Chrono Boost)  
  31  2:53  Stalker  
  35  2:58  Probe (Chrono Boost)  
  35  3:03  Probe (Chrono Boost)  
  36  3:10  Probe (Chrono Boost)  
  37  3:14  Twilight Council  
  37  3:15  Probe (Chrono Boost)  
  38  3:21  Probe (Chrono Boost)  
  38  3:24  Probe (Chrono Boost)  
  40  3:29  Observer (Chrono Boost)  
  40  3:31  Probe, Assimilator  
  42  3:34  Probe  
  42  3:35  Pylon  
  43  3:43  Probe (Chrono Boost), Pylon  
  43  3:45  Probe (Chrono Boost)  
  45  3:51  Blink (Chrono Boost)  
  45  3:55  Probe x2 (Chrono Boost)  
  46  4:00  Assimilator  
  47  4:03  Gateway  
  47  4:04  Gateway  
  47  4:06  Probe  
  47  4:07  Probe  
  49  4:12  Observer  
  49  4:15  Stalker  
  49  4:16  Probe  
  52  4:21  Probe  
  54  4:28  Probe  
  55  4:33  Probe, Observer  
  57  4:43  Probe, Nexus  
  58  4:50  Probe, Forge  
  58  4:51  Templar Archives  
  59  4:53  Probe  
  59  4:55  Pylon  
  60  5:02  Probe  
  60  5:05  Probe  
  62  5:13  Immortal  
  62  5:14  Pylon  
  66  5:15  Pylon  
  66  5:16  Protoss Ground Armor Level 1 (Chrono Boost)  
  66  5:18  Probe x2  
  66  5:21  Pylon  
  68  5:26  Photon Cannon  
  68  5:33  Probe, Photon Cannon  
  69  5:37  Stalker  
  69  5:40  Probe  
  72  5:49  High Templar x2  
  76  5:56  Probe x2, Pylon  
  78  5:57  Pylon  
  78  5:58  Assimilator  
  78  5:59  Immortal, Assimilator  
  78  6:00  Psionic Storm  
  78  6:04  Probe, High Templar  
  85  6:19  Probe  
  85  6:20  Probe  
  87  6:27  Gateway  
  87  6:28  Gateway  
  87  6:29  Gateway  
  87  6:34  Gateway x2  
  87  6:36  Stalker  
  87  6:38  Stalker  
  91  6:41  Stalker  
  93  6:48  Immortal  
  93  6:49  Charge (Chrono Boost)  
  97  6:57  Pylon  
  97  7:07  Stalker x3  
  97  7:08  Pylon  
  103  7:09  Pylon  
  103  7:10  Probe  
  103  7:11  Probe  
  105  7:22  Immortal  
  105  7:23  Protoss Ground Armor Level 2 (Chrono Boost)  
  111  7:35  Forge  
  109  7:37  Pylon  
  109  7:48  Stalker x5  
  109  7:49  Stalker  
  121  8:00  Pylon x2, Warp Prism  
  121  8:02  High Templar  
  121  8:04  Gateway  
  125  8:12  High Templar  
  125  8:18  Zealot x5  
  125  8:19  Zealot  
  138  8:32  Robotics Bay  
  138  8:34  Robotics Facility  
  138  8:42  Immortal  
  142  8:50  Nexus  
  142  8:56  Zealot x4  
  142  8:57  Zealot x4  
  158  9:06  Pylon  
  158  9:30  Assimilator  
  158  9:31  Assimilator  
  158  9:33  Pylon  
Show
View Real Time Build Order
Export as new Build Order

A.I. 2 (Very Easy) Terran - Winner!

Build Orders:  

Get SALT Encoding   

  12  0:00  SCV  
  13  0:13  SCV  
  14  0:20  Supply Depot  
  14  0:37  Refinery  
  14  0:46  Barracks  
  14  1:03  Supply Depot  
  14  1:12  Refinery  
  14  1:33  Barracks Tech Lab, Orbital Command  
  14  1:51  Marauder  
  16  1:59  SCV  
  17  2:11  SCV  
  18  2:23  SCV  
  19  2:33  Marine  
  19  2:35  SCV  
  21  2:48  SCV  
  22  3:00  SCV  
  23  3:16  Marine  
  24  6:29  SCV  
  24  6:30  Marine  
  24  6:31  Supply Depot  
  26  6:34  Factory  
  26  6:36  Command Center  
  26  6:41  SCV  
  27  6:53  SCV  
  28  6:55  Supply Depot  
  27  7:01  Marine  
  27  7:05  SCV  
  26  7:17  SCV  
  26  7:22  Starport  
  27  7:33  Marine  
  28  7:49  SCV  
  29  7:56  SCV, Refinery  
  30  7:58  Refinery  
  30  8:00  Starport Tech Lab  
  30  8:03  SCV  
  30  8:04  Marine  
  32  8:10  SCV  
  33  8:17  SCV  
  33  8:18  Raven  
  36  8:25  SCV  
  37  8:32  SCV  
  38  8:35  Marine  
  38  8:39  SCV  
  40  8:46  SCV  
  41  8:54  SCV  
  42  9:01  SCV  
  45  9:07  Marauder  
  45  9:08  SCV  
  48  9:15  SCV  
  49  9:22  SCV  
Tags
 
Add a new tag
Caveats
  • Supply blocks, unpowered buildings, or Contaminate may cause inaccurate times.
  • Supply counts are checked every 10 seconds.